 Dungeon Sprint DCSS version 0.29-a0-283-ga02f740833 (webtiles) character file.

Game seed: 5605112266526062255

36299 mhtbhm the Executioner (level 12, -12/134 HPs)
             Began as a Minotaur Berserker on Mar 13, 2022.
             Was the Champion of Trog.
             Killed from afar by a deep elf annihilator (77 damage)
             ... with a crystal spear
             ... in the Dungeon (Sprint III: "The Ten Rune Challenge").
             The game lasted 00:08:48 (5190 turns).

mhtbhm the Executioner (Minotaur Berserker)         Turns: 5190, Time: 00:08:49

Health: -12/134    AC: 15    Str: 26    XL:     12   Next: 70%
Magic:  11/11      EV: 13    Int:  4    God:    Trog [******]
Gold:   2013       SH:  0    Dex: 11    Spells: 11/11 levels left

rFire   . . .      SeeInvis .   t - +11 battleaxe of Lies {vorpal, Drain Fly rC+++}
rCold   + + +      Faith    .   (shield currently unavailable)
rNeg    . . .      Spirit   .   b - +3 chain mail {rC+}
rPois   .          Reflect  .   (helmet unavailable)
rElec   .          Harm     .   p - +0 cloak
rCorr   .          Rampage  .   (no gloves)
Will    .....      NoTele   +   (no boots)
Stlth   ++........              (no amulet)
HPRegen 0.32/turn               (no ring)
MPRegen 0.12/turn               (no ring)

@: lethally poisoned (-12 -> -27), flying
A: horns 3, retaliatory headbutt, MP-powered wands
}: 1/10 runes: serpentine
a: Renounce Religion, Berserk, Trog's Hand, Brothers in Arms


You were in the Dungeon.
You worshipped Trog.
Trog was exalted by your worship.
You visited 1 branch You collected 2013 gold pieces.

Inventory:

Hand Weapons
 a - the +11 executioner's axe of Trog's Brutal Revenge {flame, Str+4}
   (Trog gifted it to you in the Dungeon)

   It burns those it strikes, dealing additional fire damage.
   Big, fiery blades are also staple armaments of hydra-hunters.
   Str:       It affects your strength (+4).
 r - the +6 executioner's axe of Inconvenience {vorpal, Str+4 SInv}
   (Trog gifted it to you in the Dungeon)

   It inflicts extra damage upon your enemies.
   Str:       It affects your strength (+4).
   SInv:      It lets you see invisible.
 t - the +11 battleaxe of Lies (weapon) {vorpal, Drain Fly rC+++}
   (Trog gifted it to you in the Dungeon)

   It inflicts extra damage upon your enemies.
   rC:        It renders you almost immune to cold.
   Fly:       It grants you flight.
   Drain:     It drains your maximum health when unequipped.
Missiles
 k - 7 curare-tipped darts (quivered)
 s - 6 silver javelins
Armour
 b - a +3 chain mail of cold resistance (worn)
 p - a +0 cloak (worn)
Jewellery
 A - an amulet of magic regeneration
Wands
 x - a wand of acid (8)
 y - a wand of mindburst (17)
Scrolls
 h - a scroll of blinking
 j - a scroll of immolation
 l - a scroll of torment
 u - a scroll of magic mapping {unknown}
 v - a scroll of summoning {unknown}
 w - a scroll of acquirement {unknown}
 z - a scroll of identify
Potions
 c - 2 potions of curing
 d - 3 potions of heal wounds
 e - a potion of haste
 f - 2 potions of magic
 g - a potion of berserk rage
 i - 2 potions of attraction
 m - a potion of cancellation {unknown}
 n - 2 potions of flight
 o - 2 potions of mutation
Miscellaneous
 q - a condenser vane


   Skills:
 + Level 20.7 Fighting
 + Level 25.4 Axes
 + Level 9.5 Armour
 + Level 13.2 Dodging
 + Level 11.2 Stealth
 + Level 2.0 Evocations


You had 11 spell levels left.
You didn't know any spells.
Your spell library was empty.

Dungeon Overview and Level Annotations

Branches:
Dungeon (1/1)

Altars:
Cheibriados
Dithmenos
Elyvilon
Fedhas
Gozag
Hepliaklqana
Kikubaaqudgha
Makhleb
Nemelex Xobeh
Okawaru
Qazlal
Ru
Sif Muna
Trog
Uskayaw
Vehumet
Wu Jian
Xom
Yredelemnul
Zin
The Shining One
Beogh
Jiyva
Lugonu

Shops:
D :!(:


Innate Abilities, Weirdness & Mutations

You have a pair of large horns on your head.
You reflexively headbutt those who attack you in melee.
You expend magic power (3 MP) to strengthen your wands.


Message History

* * * LOW HITPOINT WARNING * * *
You feel extremely sick.
The deep elf annihilator points at you and mumbles some strange words.
The bolt of lightning misses you.
You feel better.
The deep elf annihilator gestures wildly while chanting.
The deep elf annihilator blinks!
You start resting.
You feel yourself speed up.
You start resting.
You recover from your berserk rage.
You start resting.
You start resting.
You start resting.
You start resting.
The deep elf annihilator shouts!
You hear a shout!
Things that are here:
a staff of cold; a +0 robe
Found a wooden ring, a robe and a thin runed staff.
The deep elf annihilator mumbles some strange words.
The deep elf annihilator blinks!
Things that are here:
a +0 robe; a staff of cold The deep elf annihilator casts a spell at you.
The poison arrow hits you!!!
You are poisoned.
You completely miss the deep elf annihilator.
You feel very sick.
The deep elf annihilator hits you with a +2 short sword of protection.
The deep elf annihilator shouts!
You hit the deep elf annihilator but do no damage.
Your headbutt misses the deep elf annihilator.
You feel very sick.
You slice the deep elf annihilator!!
The deep elf annihilator is heavily wounded.
You feel very sick.
The deep elf annihilator casts a spell at you.
The crystal spear hits you!!!!
Ouch! That really hurt!
You die...

▓▓▓
###.##########################
.#.##..#..'.#...##.[.e'.....|
......)..##.#...##≈≈≈≈##..##
.).)))..###.#[.e@≈≈[.......#
)).).)...##.#)..##≈≈≈≈##..##
)).##∩...##.[[..##[[?.'....=[
))##.#########################
'###########################
....#.#.#.....#.....^'.†.≈≈#
#.#).#.##.###)#.^..^.#††††≈#
##.#.#.##.#.)##.^.^^.#..††≈≈≈#
...#..#..##..'^^..^..#...≈≈≈≈#


You could see 2 deep elf annihilators.

Vanquished Creatures
  A deep elf blademaster (D)
  Dowan (D)
  A nagaraja (D)
  A deep elf demonologist (D)
  A deep elf death mage (D)
  2 hydras (D)
  A deep elf high priest (D)
  A naga warrior (D)
  Erolcha (D)
  2 anacondas (D)
  An orc high priest (D)
  Urug (D)
  2 deep elf knights (D)
  A death drake (D)
  A lindwurm (D)
  5 deep elf pyromancers (D)
  A guardian serpent (D)
  7 black mambas (D)
  2 cane toads (D)
  Duvessa (D)
  A komodo dragon (D)
  A rime drake (D)
  2 tyrant leeches (D)
  A queen bee (D)
  A shadow (D)
  5 redbacks (D)
  3 wandering mushrooms (D)
  2 nagas (D)
  A spatial vortex (D)
  A water moccasin (D)
  A swamp drake (D)
  2 orc warriors (D)
  2 black mamba simulacra (D)
  A fire dragon simulacrum (D)
  5 two-headed ogres (D)
  A water elemental (D)
  A necrophage (D)
  23 killer bees (D)
  An electric eel (D)
  A jelly (D)
  2 orc priests (D)
  Jessica (D)
  A wizard (D)
  A necromancer (D)
  A wolf simulacrum (D)
  3 humans (D)
  A kobold demonologist (D)
  5 adders (D)
  A phantom (D)
  13 orcs (D)
  3 rats (D)
122 creatures vanquished.

Vanquished Creatures (collateral kills)
  5 killer bees (D)
5 creatures vanquished.

Vanquished Creatures (others)
  4 killer bees (D)
  3 plants (D)
7 creatures vanquished.

Grand Total: 134 creatures vanquished

Notes
Turn   | Place    | Note
-------+----------+-------------------------------------------
     0 | D        | mhtbhm the Minotaur Berserker began the quest for the Orb.
     0 | D        | Reached XP level 1. HP: 19/19 MP: 0/0
    17 | D        | Reached skill level 4 in Axes
    21 | D        | Noticed Jessica
    25 | D        | Killed Jessica
    25 | D        | Reached ** piety under Trog
    26 | D        | Reached skill level 5 in Fighting
    26 | D        | Reached skill level 5 in Axes
    26 | D        | Reached XP level 2. HP: 21/30 MP: 1/1
   202 | D        | Reached XP level 3. HP: 24/37 MP: 2/2
   205 | D        | Reached skill level 6 in Axes
   224 | D        | Gained mutation: You have hidden genetic defects. [potion
                  | of mutation]
   226 | D        | Lost mutation: You have hidden genetic defects. [potion of
                  | mutation]
   226 | D        | Gained mutation: You have large cloven feet. [potion of
                  | mutation]
   227 | D        | Lost mutation: You have large cloven feet. [potion of
                  | mutation]
   227 | D        | Gained mutation: You have a pair of large horns on your
                  | head. [potion of mutation]
   227 | D        | Gained mutation: You expend magic power (3 MP) to
                  | strengthen your wands. [potion of mutation]
   380 | D        | Noticed a water elemental
   384 | D        | Killed a water elemental
   384 | D        | Reached *** piety under Trog
   385 | D        | Reached skill level 7 in Axes
   385 | D        | Reached XP level 4. HP: 48/48 MP: 3/3
   476 | D        | Found a basalt altar of Yredelemnul.
   476 | D        | Found a shadowy altar of Dithmenos.
   476 | D        | Found a sacrificial altar of Ru.
   476 | D        | Noticed a necrophage
   483 | D        | Killed a necrophage
   484 | D        | Reached skill level 8 in Axes
   484 | D        | Reached XP level 5. HP: 56/56 MP: 4/4
   487 | D        | Reached skill level 9 in Axes
   487 | D        | Reached skill level 5 in Armour
   596 | D        | Found a hide-covered altar of Uskayaw.
   596 | D        | Found an iron altar of Okawaru.
   596 | D        | Found a bloodstained altar of Trog.
   596 | D        | Found an ornate altar of the Wu Jian Council.
   596 | D        | Noticed a human
   597 | D        | Noticed a human
   602 | D        | Killed a human
   603 | D        | Reached skill level 10 in Fighting
   603 | D        | Reached skill level 10 in Axes
   603 | D        | Reached skill level 5 in Dodging
   603 | D        | Reached XP level 6. HP: 63/66 MP: 5/5
   608 | D        | Killed a human
   608 | D        | Reached **** piety under Trog
   609 | D        | Reached skill level 11 in Axes
   609 | D        | Reached skill level 1 in Stealth
   859 | D        | Found a glowing silver altar of Zin.
   859 | D        | Found a glowing golden altar of the Shining One.
   859 | D        | Found a white marble altar of Elyvilon.
   860 | D        | Noticed a deep elf pyromancer
   867 | D        | Killed a deep elf pyromancer
   868 | D        | Reached skill level 13 in Axes
   868 | D        | Reached XP level 7. HP: 56/78 MP: 6/6
  1040 | D        | Found a radiant altar of Vehumet.
  1040 | D        | Found a shimmering blue altar of Sif Muna.
  1040 | D        | Found an ancient bone altar of Kikubaaqudgha.
  1042 | D        | Noticed a smoke demon
  1047 | D        | Reached ***** piety under Trog
  1178 | D        | Noticed a shadow
  1183 | D        | Killed a shadow
  1184 | D        | Reached XP level 8. HP: 85/85 MP: 7/7
  1271 | D        | Found a blossoming altar of Fedhas.
  1271 | D        | Found a stormy altar of Qazlal.
  1271 | D        | Found a snail-covered altar of Cheibriados.
  1271 | D        | Found a burning altar of Makhleb.
  1271 | D        | Found a shimmering altar of Xom.
  1272 | D        | Found a hazy altar of Hepliaklqana.
  1272 | D        | Found an opulent altar of Gozag.
  1272 | D        | Found a sparkling altar of Nemelex Xobeh.
  1272 | D        | Found a corrupted altar of Lugonu.
  1272 | D        | Found a viscous altar of Jiyva.
  1286 | D        | Reached skill level 14 in Axes
  1550 | D        | Noticed a two-headed ogre
  1571 | D        | Killed a two-headed ogre
  1572 | D        | Reached skill level 15 in Axes
  1819 | D        | Noticed Erolcha
  1820 | D        | Noticed a two-headed ogre
  1827 | D        | Killed Erolcha
  1828 | D        | Reached skill level 16 in Axes
  1828 | D        | Reached XP level 9. HP: 96/96 MP: 8/8
  1830 | D        | Killed a two-headed ogre
  1830 | D        | Received a gift from Trog
  1830 | D        | Reached ****** piety under Trog
  1983 | D        | Reached skill level 15 in Fighting
  1994 | D        | Noticed a wandering mushroom
  1998 | D        | Noticed a wandering mushroom
  2000 | D        | Noticed a wandering mushroom
  2011 | D        | Reached skill level 17 in Axes
  2243 | D        | Noticed a queen bee
  2246 | D        | Killed a queen bee
  2246 | D        | Received a gift from Trog
  2247 | D        | Reached skill level 10 in Dodging
  2253 | D        | Reached XP level 10. HP: 84/107 MP: 9/9
  2255 | D        | Identified the +11 executioner's axe of Trog's Brutal
                  | Revenge {flame, Str+4} (Trog gifted it to you in the
                  | Dungeon)
  2255 | D        | Received a gift from Trog
  2256 | D        | Reached skill level 18 in Axes
  2259 | D        | Reached skill level 1 in Evocations
  2264 | D        | Received a gift from Trog
  2266 | D        | Reached skill level 5 in Stealth
  2416 | D        | Noticed an orc high priest
  2421 | D        | Identified the +6 executioner's axe of Inconvenience
                  | {vorpal, Str+4 SInv} (Trog gifted it to you in the Dungeon)
  2421 | D        | Received a gift from Trog
  2426 | D        | Killed an orc high priest
  2427 | D        | Reached skill level 19 in Axes
  2430 | D        | Received a gift from Trog
  2434 | D        | Found Okule's Book Boutique.
  2529 | D        | Noticed a deep elf knight
  2529 | D        | Noticed a deep elf pyromancer
  2529 | D        | Noticed a deep elf knight
  2529 | D        | Noticed a deep elf pyromancer
  2529 | D        | Noticed a deep elf pyromancer
  2538 | D        | Killed a deep elf pyromancer
  2542 | D        | Killed a deep elf knight
  2542 | D        | Noticed a deep elf annihilator
  2544 | D        | Noticed a deep elf demonologist
  2544 | D        | Killed a deep elf pyromancer
  2545 | D        | Reached skill level 20 in Axes
  2547 | D        | Killed a deep elf knight
  2548 | D        | Killed a deep elf pyromancer
  2548 | D        | Received a gift from Trog
  2549 | D        | Reached XP level 11. HP: 34/117 MP: 10/10
  2874 | D        | Noticed a deep elf blademaster
  2942 | D        | Noticed Dowan
  2942 | D        | Noticed Duvessa
  2949 | D        | Killed Dowan
  2952 | D        | Killed Duvessa
  2953 | D        | Reached skill level 21 in Axes
  3324 | D        | Received a gift from Trog
  3418 | D        | Noticed a lindwurm
  3422 | D        | Killed a lindwurm
  3423 | D        | Reached skill level 22 in Axes
  3432 | D        | Received a gift from Trog
  3433 | D        | Noticed Urug
  3439 | D        | Killed Urug
  3542 | D        | Noticed a seven-headed hydra
  3542 | D        | Noticed a five-headed hydra
  3549 | D        | Killed a five-headed hydra
  3553 | D        | Killed a three-headed hydra
  3721 | D        | Noticed a death drake
  3727 | D        | Killed a death drake
  3728 | D        | Reached skill level 23 in Axes
  3807 | D        | Noticed an anaconda
  3810 | D        | Killed an anaconda
  3810 | D        | Identified the +11 battleaxe of Lies {vorpal, Drain Fly
                  | rC+++} (Trog gifted it to you in the Dungeon)
  3810 | D        | Received a gift from Trog
  3842 | D        | Reached XP level 12. HP: 119/130 MP: 11/11
  3846 | D        | Reached skill level 10 in Stealth
  4055 | D        | Noticed an anaconda
  4056 | D        | Received a gift from Trog
  4060 | D        | Reached skill level 24 in Axes
  4063 | D        | Killed an anaconda
  4140 | D        | Noticed a naga warrior
  4140 | D        | Noticed a nagaraja
  4142 | D        | Found Joeg's Book Shop.
  4142 | D        | Found Pocvaice's Distillery.
  4144 | D        | Found Feixa's Antique Weapon Boutique.
  4147 | D        | Killed a nagaraja
  4154 | D        | Killed a naga warrior
  4294 | D        | Received a gift from Trog
  4297 | D        | Got a serpentine rune of Zot
  4688 | D        | Noticed a deep elf death mage
  4689 | D        | Identified the +0 scimitar of the Undead {speed, rF+ Str+3
                  | Dex+4}
  4689 | D        | Identified the +9 trident "Dioliah" {protect, Contam rN+++
                  | Will++ Dex-4}
  4690 | D        | Noticed a hell beast
  4691 | D        | Noticed a deep elf annihilator
  4694 | D        | Killed a deep elf death mage
  4696 | D        | Identified the +3 morningstar "Biablima" {drain, Int+4
                  | Stlth+}
  4696 | D        | Identified the +9 plate armour of Xauss {Contam rF++ MP+9
                  | Dex+4}
  4696 | D        | Noticed a deep elf high priest
  4697 | D        | Killed a deep elf demonologist
  4698 | D        | Reached skill level 25 in Axes
  4864 | D        | Killed a deep elf blademaster
  4866 | D        | Killed a deep elf high priest
  4866 | D        | Received a gift from Trog
  5190 | D        | Killed from afar by a deep elf annihilator

Illustrated notes

Levels and vault maps discovered:
D:        dungeon_sprint_mu [sprint_mu_entry_cave, sprint_mu_temple_rooms,
          sprint_mu_d1_spiders, sprint_mu_d2_genie, sprint_mu_d3_branching,
          sprint_mu_orc_legion, sprint_mu_elf_gauntlet, sprint_mu_hive_nellie,
          sprint_mu_lair_fedhas, sprint_mu_vaults_butterflies,
          sprint_mu_slime_circle, sprint_mu_swamp_cave, sprint_mu_snake_twists,
          sprint_mu_blade_basic, sprint_mu_crypt_fortress,
          sprint_mu_tomb_spiral, sprint_mu_vestibule_basic,
          sprint_mu_gehenna_hellfire, sprint_mu_dis_giant,
          sprint_mu_tartarus_statrot, sprint_mu_cocytus_islands, sprint_mu_zot1]

Skill      XL: |  1  2  3  4  5  6  7  8  9 10 11 12 |
---------------+-------------------------------------+-----
Fighting       | 5 7 8 10 12 14 15 17 19 20 | 20.7
Axes           | 5 7 8 10 13 16 17 20 23 25 | 25.4
Armour         | 3 4 5 7 8 9 |  9.5
Dodging        | 3 4 5 7 9 10 11 12 13 | 13.2
Stealth        | 1 3 4 7 9 11 | 11.2
Evocations     | 1 2 |  2.0

Action                   |  1- 3 |  4- 6 |  7- 9 | 10-12 || total
-------------------------+-------+-------+-------+-------++-------
Melee: Hand axe          |    23 |    24 |    43 |       ||    90
       Headbutt          |     4 |     4 |    15 |    23 ||    46
       Battleaxe         |       |       |    13 |    36 ||    49
       Executioner's axe |       |       |       |   100 ||   100
Invok: Berserk           |     3 |     3 |     4 |     6 ||    16
Evoke: Condenser vane    |       |       |     2 |     1 ||     3
  Use: Potion            |     3 |       |       |     1 ||     4
       Scroll            |       |       |       |     3 ||     3
 Stab: Confused          |       |       |     2 |     7 ||     9
       Sleeping          |       |       |       |     7 ||     7
Armor: Animal skin       |     1 |       |       |       ||     1
       Robe              |     1 |     2 |     3 |     7 ||    13
       Chain mail        |       |       |       |    11 ||    11
Dodge: Dodged            |    10 |     5 |    23 |   104 ||   142

Table legend: (Time is in decaauts)
 A = Elapsed time spent in this place.
 B = Non-inter-level travel time spent in this place.
 C = Inter-level travel time spent in this place.
 D = Time resting spent in this place.
 E = Time spent auto-exploring this place.
 F = Levels seen in this place.
 G = Mean time per level.
                   A        B        C        D        E       F      G
               +--------+--------+--------+--------+--------+-----+--------+
         Total |   5296 |   5296 |      0 |   4062 |      9 |   1 | 5296.0 |
       Dungeon |   5296 |   5296 |      0 |   4062 |      9 |   1 | 5296.0 |
               +--------+--------+--------+--------+--------+-----+--------+

Top non-repeatable levels by time:
       D: 5296 daAuts
